General information
- name: BNet
- type: Ladder 1vs1/FFA
- host: Battle.net
- saver: Smada
map: TirisfalGlades
- players: 2
- length: 15:20
- speed: Fast
- version: 1.26 W3XP
- replay type: Public
» download(39 KB)
Players
team 1 (winner)
Smada (
yellow | 63 APM | 963 actions | 15:20)
4 Archmage
2 Blizzard
2 Brilliance Aura
2 Blood Mage
1 Flame Strike
1 Siphon Mana
» actions
| Assign group hotkey | 27 | |
| Basic commands | 53 | |
| Build / train | 89 | |
| ESC pressed | 2 | |
| Enter build submenu | 37 | |
| Enter hero's abilities submenu | 6 | |
| Give item / drop item | 1 | |
| Right click | 335 | |
| Select / deselect | 234 | |
| Select group hotkey | 70 | |
| Use ability | 109 | |
963 total
» units
| Peasant | 25 | |
| Sorceress | 1 | |
| Dragonhawk Rider | 5 | |
| Flying Machine | 1 | |
32 total
» upgrades
| Masonry | 1 | |
| Gunpowder | 2 | |
| Sorceress Training | 2 | |
| Magic Sentry | 1 | |
| Swords | 1 | |
| Armor | 2 | |
| Cloud | 1 | |
10 total
» buildings
| Altar of Kings | 1 | |
| Farm | 7 | |
| Arcane Vault | 2 | |
| Lumber Mill | 1 | |
| Scout Tower | 18 | |
| Arcane Tower | 7 | |
| Town Hall | 2 | |
| Keep | 1 | |
| Blacksmith | 1 | |
| Guard Tower | 10 | |
| Arcane Sanctum | 3 | |
| Gryphon Aviary | 3 | |
| Castle | 1 | |
| Workshop | 1 | |
58 total
» build order
00:05 Altar of Kings
00:19 Farm
00:20 Farm
00:40 Arcane Vault
01:05 Lumber Mill
01:19 Scout Tower
01:46 Farm
01:48 Farm
02:00 Scout Tower
02:29 Arcane Tower
02:35 Arcane Tower
03:51 Town Hall
03:54 Scout Tower
03:54 Scout Tower
04:20 Arcane Tower
04:20 Arcane Tower
04:22 Arcane Tower
04:22 Arcane Tower
05:24 Scout Tower
05:24 Scout Tower
05:25 Scout Tower
05:26 Scout Tower
05:27 Keep
05:42 Scout Tower
05:42 Scout Tower
05:43 Scout Tower
05:44 Scout Tower
05:50 Blacksmith
05:54 Guard Tower
05:57 Scout Tower
05:57 Scout Tower
05:59 Arcane Vault
06:11 Farm
06:11 Farm
06:35 Guard Tower
06:45 Guard Tower
06:47 Guard Tower
06:48 Guard Tower
06:56 Guard Tower
07:00 Guard Tower
07:11 Guard Tower
07:11 Guard Tower
07:16 Guard Tower
07:49 Arcane Sanctum
07:53 Arcane Sanctum
07:54 Arcane Sanctum
09:29 Farm
09:55 Gryphon Aviary
10:08 Gryphon Aviary
10:30 Gryphon Aviary
12:11 Castle
12:16 Workshop
13:52 Scout Tower
14:43 Scout Tower
14:45 Scout Tower
14:46 Scout Tower
14:51 Town Hall
» items
| Mechanical Critter | 1 | |
| Lesser Clarity Potion | 2 | |
| Scroll of Regeneration | 4 | |
| Staff of Teleportation | 1 | |
| Boots of Speed | 1 | |
| Periapt of Vitality | 1 | |
| Potion of Invisibility | 2 | |
| Potion of Lesser Invulnerability | 1 | |
| Potion of Healing | 4 | |
| Scroll of Town Portal | 2 | |
| Potion of Mana | 1 | |
20 total
team 2 (loser)
GL_HF_DieQuick (
green | 21 APM | 316 actions | 15:14)
1 Archmage
1 Summon Water Elemental
» actions
| Assign group hotkey | 7 | |
| Build / train | 43 | |
| Enter build submenu | 22 | |
| Enter hero's abilities submenu | 1 | |
| Right click | 84 | |
| Select / deselect | 125 | |
| Select group hotkey | 6 | |
| Use ability | 28 | |
316 total
» units
» upgrades
| Masonry | 3 | |
| Swords | 3 | |
| Lumber Harvesting | 2 | |
| Armor | 3 | |
| Animal War Training | 1 | |
| Storm Hammers | 1 | |
13 total
» buildings
| Altar of Kings | 1 | |
| Farm | 7 | |
| Lumber Mill | 1 | |
| Scout Tower | 8 | |
| Guard Tower | 6 | |
| Arcane Tower | 1 | |
| Keep | 1 | |
| Barracks | 1 | |
| Blacksmith | 1 | |
| Castle | 1 | |
| Gryphon Aviary | 2 | |
30 total
» build order
00:12 Altar of Kings
00:17 Farm
00:32 Lumber Mill
00:56 Scout Tower
01:03 Farm
01:34 Guard Tower
01:43 Scout Tower
02:24 Arcane Tower
02:29 Scout Tower
02:56 Guard Tower
03:14 Keep
03:59 Barracks
04:09 Blacksmith
04:13 Farm
04:19 Farm
05:48 Castle
06:19 Gryphon Aviary
06:43 Gryphon Aviary
06:59 Farm
07:04 Farm
08:01 Farm
11:05 Scout Tower
11:37 Guard Tower
11:43 Scout Tower
12:00 Scout Tower
12:16 Guard Tower
12:43 Guard Tower
12:47 Scout Tower
12:54 Scout Tower
13:34 Guard Tower
Chat log
(15:08 / All) Smada: LOL
(15:09 / All) Smada: LOL
(15:10 / All) Smada: RAPED